 Dungeon Crawl Stone Soup version 0.32-a0-361-g289a535e89 (webtiles) character file.

Game seed: 796726258131103448

49 LobsterGuardian the Sneak (level 3, 0/21 HPs)
             Began as a Deep Elf Brigand on Feb 18, 2024.
             Slain by a ribbon worm (8 damage)
             ... on level 2 of the Dungeon.
             The game lasted 00:04:24 (1024 turns).

LobsterGuardian the Sneak (Deep Elf Brigand)        Turns: 1024, Time: 00:04:24

Health: 0/21       AC:  3    Str:  8    XL:     3   Next: 53%
Magic:  5/5        EV: 12    Int: 15    God:
Gold:   41         SH:  0    Dex: 18    Spells: 2/2 levels left

rFire   . . .        a - +2 dagger
rCold   . . .        (no shield)
rNeg    + . .        b - +0 robe
rPois   .            (no helmet)
rElec   .            c - +0 cloak
rCorr   .            (no gloves)
SInv    .            (no boots)
Will    .....        (no amulet)
Stlth   ++++         g - ring of positive energy
HPRegen 0.23/turn    (no ring)
MPRegen 0.09/turn

%: no passive effects
@: no status effects
A: no striking features
a: no special abilities


You were on level 2 of the Dungeon.
You visited 1 branch of the dungeon, and saw 2 of its levels.

You collected 41 gold pieces.

Inventory:

Hand Weapons
 a - a +2 dagger (weapon)
Missiles
 d - 2 poisoned darts (quivered)
 e - 3 curare-tipped darts
 l - 6 boomerangs
Armour
 b - a +0 robe (worn)
 c - a +0 cloak (worn)
Jewellery
 g - a ring of positive energy (left hand)
Scrolls
 f - a scroll of amnesia {unknown}
 j - 2 scrolls of fear {unknown}
 k - a scroll of immolation
Potions
 h - a potion of curing
 i - a potion of ambrosia {unknown}


   Skills:
 + Level 1.7 Fighting
 + Level 2.0 Short Blades
 + Level 2.0 Throwing
 + Level 1.2 Dodging
 * Level 6.6 Stealth


You had 2 spell levels left.
You didn't know any spells.
Your spell library was empty.

Dungeon Overview and Level Annotations

Branches:
Dungeon (2/15)

Altars:

Shops:
D:1 (


Message History

* * * LOW HITPOINT WARNING * * *
The ribbon worm expels a string of sticky webbing.
The stream of webbing hits you but does no damage.
You are caught in a web!
There is a web here.
The web tears apart.
The ribbon worm bites you but does no damage.
The ribbon worm expels a string of sticky webbing.
The stream of webbing hits you but does no damage.
You are caught in a web!
There is a web here.
The web tears apart.
The ribbon worm looks more healthy.
The ribbon worm expels a string of sticky webbing.
The stream of webbing hits you but does no damage.
You are caught in a web!
There is a web here.
You cannot throw/fire anything while caught in a web.
The web tears apart.
Throw: 4 darts (poison)
Press: ? - help, Q - select action, (/) - cycle Shift-Dir - straight line, f/p - ribbon worm
Aim: a ribbon worm (severely wounded, catching its breath, 78% to hit)
You throw a poisoned dart. The poisoned dart hits the ribbon worm.
The ribbon worm is poisoned.
The ribbon worm is severely wounded.
Throw: 3 darts (poison)
Press: ? - help, Q - select action, (/) - cycle Shift-Dir - straight line, f/p - ribbon worm
Aim: a ribbon worm (heavily wounded, poisoned, 78% to hit)
You throw a poisoned dart.
The poisoned dart completely misses the ribbon worm.
Unknown command.
Unknown command.
You hit the ribbon worm but do no damage.
The ribbon worm is heavily wounded.
Press: ? - help, v - describe, . - travel
Here: a ribbon worm (severely wounded, poisoned)
The floor.
The ribbon worm attacks as it pursues you!
The ribbon worm bites you!
You die...

#...###...#.#
###.# #)....#
###†###.#.###
#..)....#.#
#.###.###.# #.#
#.# .# #### ##.#
#.# .. ..# ...#
#.# .# #.#
.#.###.# .# #@#
###.##.# #w# #
##.#.###.# #.#
##.)....# #.#
##...##### #.# #
#..### #.# .#.#.#
#.#
#.##.###########.#
####..(....[.((.(#


You could see a ribbon worm (poisoned).

Vanquished Creatures
  A dart slug (D:1)
  A ribbon worm (D:2)
  3 ball pythons
  2 endoplasms (D:1)
  2 giant cockroaches
  4 goblins
  A hobgoblin (D:1)
  2 kobolds (D:1)
  2 quokkas
  A bat (D:1)
  4 frilled lizards (D:1)
  3 rats
26 creatures vanquished.

Notes
Turn   | Place    | Note
-------+----------+-------------------------------------------
     0 | D:1      | LobsterGuardian the Deep Elf Brigand began the quest for
                  | the Orb.
     0 | D:1      | Reached XP level 1. HP: 12/12 MP: 3/3
    28 | D:1      | Upgraded the game from 0.32-a0-350-g4f4d228785 to
                  | 0.32-a0-361-g289a535e89
    35 | D:1      | Reached skill level 5 in Stealth
    64 | D:1      | Reached XP level 2. HP: 16/16 MP: 4/4
   148 | D:1      | Found Beakurr's Weapon Shoppe.
   279 | D:1      | Reached skill level 6 in Stealth
   403 | D:1      | Reached XP level 3. HP: 20/20 MP: 5/5
  1024 | D:2      | Slain by a ribbon worm

Illustrated notes

Levels and vault maps discovered:
D:1:      elethiomel_arrival_maze, layout_basic, serial_shops,
          nicolae_shop_bloodbath_and_beyond, minmay_gold_behind_fungi
D:2:      layout_loops_ring, kennysheep_generic_room_12

Skill      XL: |  1  2 |
---------------+-------+-----
Stealth        | 5 6 |  6.6
Fighting       | |  1.7
Short Blades   | |  2.0
Throwing       | |  2.0
Dodging        | |  1.2

Action                     || total
---------------------------++-------
  Melee: Dagger            ||    71
  Throw: Dart              ||    12
    Use: Scroll            ||     2
   Stab: Sleeping          ||    10
 Armour: Robe              ||    27
  Dodge: Dodged            ||    31

Table legend: (Time is in decaauts)
 A = Elapsed time spent in this place.
 B = Non-inter-level travel time spent in this place.
 C = Inter-level travel time spent in this place.
 D = Time resting spent in this place.
 E = Time spent auto-exploring this place.
 F = Levels seen in this place.
 G = Mean time per level.
                   A        B        C        D        E       F      G
               +--------+--------+--------+--------+--------+-----+--------+
         Total |   1015 |    999 |     16 |      0 |    720 |   2 |  507.5 |
       Dungeon |   1015 |    999 |     16 |      0 |    720 |   2 |  507.5 |
               +--------+--------+--------+--------+--------+-----+--------+

Top non-repeatable levels by time:
     D:1: 738 daAuts
     D:2: 276 daAuts
